 Dungeon Crawl Stone Soup version 0.31-a0-1549-g5ff9445e89 (webtiles) character file.

Game seed: 5783948817857520110

29395 gelatine the Spear-Bearer (level 13, -5/103 HPs)
             Began as a Demonspawn Fighter on Jan 3, 2024.
             Killed from afar by an ice statue (24 damage)
             ... with a bolt of cold
             ... in an ice cave.
             The game lasted 00:44:58 (12744 turns).

gelatine the Spear-Bearer (Demonspawn Fighter)     Turns: 12744, Time: 00:44:59

Health: -5/103     AC: 19    Str: 21    XL:     13   Next: 14%
Magic:  13/13      EV: 15    Int: 17    God:
Gold:   856        SH:  6    Dex: 17    Spells: 8/12 levels left

rFire   . . .        v - +10 spear of Res Judicata {vamp, rPois}
rCold   . . .        k - +0 buckler "Xudoizur" {rElec Int+2 Dex+4}
rNeg    . . .        j - +3 ring mail {rPois}
rPois   +            (helmet restricted)
rElec   +            W - +1 cloak
rCorr   .            T - +2 pair of gloves
SInv    .            Q - +2 pair of boots
Will    .....        x - amulet of regeneration
Stlth   +            l - +6 ring of intelligence
HPRegen 1.17/turn    S - ring of flight
MPRegen 0.13/turn

%: no passive effects
@: flying
A: antennae 2, claws 1, hooves 1, foul stench 2
a: no special abilities


You were in an ice cave.
You visited 3 branches of the dungeon, and saw 16 of its levels.
You also visited: Ossuary and Ice Cave.

You collected 1006 gold pieces.
You spent 150 gold pieces at shops.

Inventory:

Hand Weapons
 b - a +3 hand axe of electrocution
 v - the +10 spear of Res Judicata (weapon) {vamp, rPois}
   (You took it off a gnoll on level 4 of the Dungeon)

   rPois:     It protects you from poison
 L - a +4 antimagic broad axe
 M - a +1 war axe of freezing
Missiles
 y - 4 darts of dispersal
 D - 4 silver javelins
 I - a throwing net
 J - 10 boomerangs
Armour
 j - a +3 ring mail of poison resistance (worn)
 k - the +0 buckler "Xudoizur" (worn) {rElec Int+2 Dex+4}
   (You took it off a goblin on level 2 of the Dungeon)

   Int+2:     It affects your intelligence (+2).
   Dex+4:     It affects your dexterity (+4).
   rElec:     It insulates you from electricity.
 B - a +0 kite shield
 O - +0 steam dragon scales
 Q - a +2 pair of boots (worn)
 T - a +2 pair of gloves (worn)
 W - a +1 cloak (worn)
 X - a +2 robe of positive energy
 Y - a +0 troll leather armour
Jewellery
 h - a ring of protection from fire
 l - a +6 ring of intelligence (left hand)
 t - a ring of resist corrosion
 u - a ring of ice
 x - an amulet of regeneration (around neck)
 S - a ring of flight (right hand)
 V - a ring of positive energy
Wands
 a - a wand of light (4)
 m - a wand of charming (28)
 o - a wand of iceblast (12)
 A - a wand of mindburst (34)
Scrolls
 g - a scroll of butterflies
 n - 7 scrolls of teleportation
 p - a scroll of silence
 C - 4 scrolls of revelation
 E - a scroll of poison
 H - a scroll of immolation
 K - 4 scrolls of vulnerability
 N - a scroll of fear
 R - 2 scrolls of amnesia
 Z - a scroll of identify
Potions
 c - 2 potions of attraction
 d - 3 potions of might
 e - 5 potions of mutation
 f - 6 potions of cancellation
 i - 3 potions of invisibility
 q - 3 potions of haste
 r - 4 potions of lignification
 s - a potion of berserk rage
 w - 10 potions of curing
 F - a potion of magic
 U - a potion of ambrosia


   Skills:
 * Level 9.8 Fighting
 + Level 3.7(8.4) Axes
 - Level 11.7(12.0) Polearms
 + Level 2.2 Throwing
 * Level 8.6 Armour
 * Level 7.6 Dodging
 + Level 2.0 Stealth
 * Level 8.2 Shields
 + Level 2.8 Unarmed Combat
 * Level 0.1 Spellcasting
 * Level 0.2 Translocations
 + Level 3.3 Evocations


You had 8 spell levels left.
You knew the following spells:

 Your Spells              Type           Power      Damage    Failure   Level
a - Manifold Assault      Tloc           0%         N/A       98%         4

Your spell library contained the following spells:

 Spells                   Type           Power      Damage    Failure   Level
 Apportation              Tloc           0%         N/A       36%         1
 Cigotuvi's Dreadful Rot  Necr/Alch/Air  0%         N/A       54%         2
 Jinxbite                 Hex            0%         N/A       54%         2
 Dazzling Flash           Conj/Hex       0%         N/A       77%         3
 Hailstorm                Conj/Ice       0%         3d5       77%         3
 Ozocubu's Armour         Ice            0%         N/A       77%         3
 Fulminant Prism          Conj/Alch      0%         3d5       99%         4
 Ignite Poison            Fire/Alch      0%         N/A       99%         4
 Leda's Liquefaction      Alch/Erth      0%         N/A       99%         4
 Sticky Flame             Fire/Alch      0%         2d4       99%         4
 Alistair's Intoxication  Alch           0%         N/A       100%        5
 Freezing Cloud           Conj/Ice/Air   0%         6-21      100%        5
 Iskenderun's Battlesphe  Conj           0%         2d6       100%        5
 Lee's Rapid Deconstruct  Erth           0%         3d4*      100%        5
 Metabolic Englaciation   Hex/Ice        0%         N/A       100%        5
 Bombard                  Conj/Erth      0%         9d1       100%        6
 Conjure Ball Lightning   Conj/Air       0%         3x3d6     100%        6
 Dispersal                Tloc           0%         N/A       100%        6
 Sculpt Simulacrum        Ice/Alch       0%         N/A       100%        6
 Disjunction              Tloc           0%         N/A       100%        8
 Ignition                 Fire           0%         3d3       100%        8


Dungeon Overview and Level Annotations

Branches:
Dungeon (14/15)            Temple (1/1) D:5            Lair (1/5) D:9
    Orc (0/2) D:10         Vaults (0/5) D:14        Ossuary (visited)
  IceCv (1/1)

Altars:
Ashenzari
Cheibriados
Dithmenos
Fedhas
Gozag
Hepliaklqana
Kikubaaqudgha
Makhleb
Nemelex Xobeh
Okawaru
Qazlal
Ru
Sif Muna
Trog
Uskayaw
Vehumet
Wu Jian
Xom
Yredelemnul

Shops:
D:3 !   D:4 *   D:7 =   D:9 (   D:12 !?*![

Annotations:
D:8 2 transporters, Likado's ghost, novice MfSu
D:11 2 transporters, olddryhag's ghost, journeyman DrIE IceCv exclusion: ice statue


Innate Abilities, Weirdness & Mutations

You have a pair of antennae on your head.
You have sharp fingernails.
You have large cloven feet.
You sometimes emit foul miasma when damaged in melee.


Message History

The ice beast misses you.
You closely miss the ice beast.
The ice beast is heavily wounded.
You puncture the ice beast!
The ice beast is almost dead.
You block the ice beast's attack.
You hit the ice beast.
You kill the ice beast!
The ice beast disappears in a puff of smoke!
The ice beast misses you.
You hit the ice beast.
The ice beast is lightly wounded.
You puncture the ice beast!
The ice beast is heavily wounded.
The ice beast hits you but does no damage.
You closely miss the ice beast.
The ice beast is heavily wounded.
You hit the ice beast.
The ice beast is severely wounded.
You block the ice beast's attack.
You puncture the ice beast!
The ice beast is almost dead.
You puncture the ice beast!
You kill the ice beast!
The ice beast disappears in a puff of smoke!
Partly explored, can't reach some places.
Okay, then.
The ice statue gestures.
The ice statue gestures.
The ice statue gestures at you. The bolt of cold hits you!!
The ice statue gestures at you. The shard of ice hits you!!
The ice statue gestures at you. The shard of ice hits you!!
* * * LOW HITPOINT WARNING * * *
Found 5 stones and a falchion.
The ice statue gestures at you. The bolt of cold hits you!!
You die...

############# ## ) .
##.....#..[..## ##. ...Y
##......#......###..
...ZW#.......#.......#...
...YY8..@...............∩
...ZY#.......#.......#...
.... ##......#......###..
( . ##.....#((...## ##.
############# ##


You could see an ice statue, a freezing wraith, 3 ice beasts, a three-headed
hydra simulacrum and a harpy simulacrum.

Vanquished Creatures
  A vault guard (D:14)
  2 hydras
  Erolcha (D:11)
  2 centaur warriors
  A catoblepas (D:14)
  Erica (D:8)
  A dancing weapon (D:14)
  2 two-headed ogres
  3 boulder beetles
  Pikel (D:4)
  2 manticores
  3 cyclopes
  8 ugly things
  A black mamba (Lair:1)
  Joseph (D:13)
  2 ice statues (IceCv)
  2 gargoyles
  3 kobold demonologists
  Maggie (D:8)
  2 komodo dragons
  A rime drake (D:9)
  A polar bear (D:9)
  Grinder (D:5)
  A queen bee (shapeshifter) (D:14)
  8 trolls
  4 hornets
  A tarantella (shapeshifter) (D:14)
  A slime creature (D:13)
  2 wraiths (D:12)
  6 yaks (D:11)
  A shadow (D:8)
  Eustachio (D:5)
  A basilisk (D:12)
  3 vampire mosquitoes (D:12)
  A death yak simulacrum (IceCv)
  3 steam dragons (D:7)
  A hydra simulacrum (IceCv)
  3 water moccasins
  2 laughing skulls
  4 sky beasts (D:7)
  6 orc warriors
  5 ice beasts (D:9)
  A black bear (D:6)
  3 wolves (D:9)
  8 centaurs
  A phantom (D:4)
  4 bullfrogs
  4 kobold brigands
  A weeping skull (Ossuary)
  A cane toad simulacrum (IceCv)
  A gnoll sergeant (D:4)
  3 scorpions
  3 wights (D:8)
  A burial acolyte (Ossuary)
  An elephant simulacrum (IceCv)
  6 killer bees
  A centaur zombie (Ossuary)
  8 howler monkeys
  2 bombardier beetles
  3 jellies
  3 hounds
  7 orc priests
  3 gnoll boudas
  7 iguanas
  Jessica (D:2)
  Terence (D:3)
  Ijyb (D:5)
  9 orc wizards
  A polar bear simulacrum (IceCv)
  A wolf simulacrum (IceCv)
  4 mummies (Ossuary)
  17 gnolls
  5 adders
  15 white imps
  A ribbon worm (D:2)
  6 dart slugs
  23 orcs
  5 endoplasms
  5 giant cockroaches
  2 gnoll zombies (Ossuary)
  11 goblins
  4 hobgoblins
  10 jackals
  2 quokkas
  6 ball pythons
  6 bats
  15 frilled lizards
  24 kobolds
  2 kobold zombies (Ossuary)
  3 orc zombies (Ossuary)
  4 rats
353 creatures vanquished.

Notes
Turn   | Place    | Note
-------+----------+-------------------------------------------
     0 | D:1      | gelatine the Demonspawn Fighter began the quest for the
                  | Orb.
     0 | D:1      | Reached XP level 1. HP: 18/18 MP: 1/1
   146 | D:1      | Discovered your monstrous ancestry.
   146 | D:1      | Gained mutation: You have a pair of small antennae on your
                  | head. [demonic ancestry]
   146 | D:1      | Reached XP level 2. HP: 24/24 MP: 2/2
   182 | D:1      | Found a faded altar of an unknown god.
   669 | D:1      | Reached XP level 3. HP: 29/29 MP: 3/3
  1200 | D:2      | Noticed Jessica
  1203 | D:2      | Killed Jessica
  1204 | D:2      | Gained mutation: You may rarely emit foul miasma when
                  | damaged in melee. [demonic ancestry]
  1204 | D:2      | Reached XP level 4. HP: 34/35 MP: 4/4
  1359 | D:2      | Identified the +0 buckler "Xudoizur" {rElec Int+2 Dex+4}
  1404 | D:2      | Reached skill level 1 in Dodging
  1726 | D:3      | Found Malaovva's Distillery.
  1734 | D:3      | Bought a potion of curing for 30 gold pieces
  1757 | D:3      | Gained mutation: You sometimes emit foul miasma when
                  | damaged in melee. [demonic ancestry]
  1757 | D:3      | Reached XP level 5. HP: 24/41 MP: 5/5
  1810 | D:3      | Noticed Terence
  1815 | D:3      | Killed Terence
  2013 | D:3      | Found a blossoming altar of Fedhas.
  2020 | D:3      | Found an opulent altar of Gozag.
  2021 | D:3      | Found an ornate altar of the Wu Jian Council.
  2025 | D:3      | Found a hide-covered altar of Uskayaw.
  2108 | D:3      | Found a bloodstained altar of Trog.
  2141 | D:3      | Found a hazy altar of Hepliaklqana.
  2309 | D:4      | Noticed a phantom
  2315 | D:4      | Killed a phantom
  2316 | D:4      | Gained mutation: You have sharp fingernails. [demonic
                  | ancestry]
  2316 | D:4      | Reached XP level 6. HP: 33/48 MP: 6/6
  2538 | D:4      | Reached skill level 1 in Evocations
  2673 | D:4      | Identified the +10 spear of Res Judicata {vamp, rPois}
  2856 | D:4      | Reached skill level 1 in Unarmed Combat
  2856 | D:4      | Gained mutation: You have a pair of antennae on your head.
                  | [demonic ancestry]
  2856 | D:4      | Reached XP level 7. HP: 41/54 MP: 7/7
  2920 | D:4      | Found Yrysk's Assorted Antiques.
  2947 | D:4      | Bought a dented diamond amulet for 100 gold pieces
  2947 | D:4      | Bought a scroll labelled YXZEREODA for 20 gold pieces
  3214 | D:5      | Entered Level 5 of the Dungeon
  3214 | D:5      | Noticed Ijyb
  3214 | D:5      | Noticed Pikel
  3218 | D:5      | Reached skill level 1 in Polearms
  3218 | D:5      | Noticed Eustachio
  3230 | D:4      | Killed Pikel
  3231 | D:4      | Reached skill level 2 in Polearms
  3231 | D:4      | Reached skill level 5 in Armour
  3231 | D:4      | Reached XP level 8. HP: 61/61 MP: 8/8
  3243 | D:5      | Killed Ijyb
  3273 | D:5      | Killed Eustachio
  3356 | D:5      | Noticed Grinder
  3415 | D:4      | Reached skill level 5 in Fighting
  3435 | D:5      | Paralysed by Grinder for 5 turns
  3452 | D:5      | Killed Grinder
  3453 | D:5      | Reached skill level 3 in Polearms
  3524 | D:5      | Found a sand-covered staircase.
  3535 | Ossuary  | Entered an ossuary
  3622 | Ossuary  | Gained mutation: You have large cloven feet. [demonic
                  | ancestry]
  3622 | Ossuary  | Reached XP level 9. HP: 60/68 MP: 9/9
  3791 | D:5      | Found a sparkling altar of Nemelex Xobeh.
  3854 | D:5      | Found a staircase to the Ecumenical Temple.
  3869 | Temple   | Entered the Ecumenical Temple
  4001 | D:6      | Reached skill level 4 in Polearms
  5001 | D:7      | Found a basalt altar of Yredelemnul.
  5031 | D:7      | Reached skill level 5 in Polearms
  5246 | D:7      | Found a burning altar of Makhleb.
  5329 | D:7      | Found Doerphass's Jewellery Boutique.
  5541 | D:7      | Reached skill level 5 in Shields
  5775 | D:8      | Found a shadowy altar of Dithmenos.
  5885 | D:8      | Found a transporter.
  5887 | D:8      | Found a transporter.
  5888 | D:8      | Noticed Likado's ghost (novice MfSu)
  5952 | D:8      | Reached skill level 6 in Polearms
  5952 | D:8      | Reached XP level 10. HP: 53/77 MP: 10/10
  6290 | D:8      | Noticed Erica
  6304 | D:8      | Killed Erica
  6375 | D:8      | Noticed Maggie
  6391 | D:8      | Killed Maggie
  6661 | D:8      | Got Cingaptanu's Lessons on Energy
  6769 | D:9      | Reached skill level 1 in Stealth
  6826 | D:9      | Reached skill level 7 in Polearms
  6862 | D:9      | Reached skill level 5 in Dodging
  6884 | D:9      | Found a staircase to the Lair.
  6992 | D:9      | Noticed a soul eater
  6998 | D:9      | Reached skill level 8 in Polearms
  7308 | D:9      | Found Utunog's Weapon Shop.
  7483 | D:10     | Entered Level 10 of the Dungeon
  7549 | D:10     | Found a broken altar of Ashenzari.
  7879 | D:10     | Reached XP level 11. HP: 79/84 MP: 11/11
  8053 | D:10     | Found a staircase to the Orcish Mines.
  8189 | D:10     | Noticed a two-headed ogre
  8196 | D:10     | Killed a two-headed ogre
  8390 | D:11     | Noticed Erolcha
  8402 | D:11     | Killed Erolcha
  8437 | D:11     | Noticed olddryhag's ghost (journeyman DrIE)
  8554 | D:11     | Reached skill level 9 in Polearms
  8607 | D:11     | Found a transporter.
  8793 | D:11     | Noticed a boulder beetle
  8809 | D:11     | Killed a boulder beetle
  8882 | D:11     | Found a transporter.
  9245 | D:12     | Noticed a boulder beetle
  9295 | D:12     | Killed a boulder beetle
  9296 | D:12     | Reached skill level 10 in Polearms
  9371 | D:12     | Found Yskeg's Distillery.
  9510 | D:12     | Noticed a two-headed ogre
  9522 | D:12     | Killed a two-headed ogre
  9523 | D:12     | Reached XP level 12. HP: 59/94 MP: 12/12
  9656 | D:12     | Found Qasuticu's Magic Scroll Emporium.
  9715 | D:12     | Found Saoqenn's Distillery.
  9818 | D:12     | Found Ahaig's Assorted Antiques.
 10111 | D:12     | Found Jabaeru's Armour Emporium.
 10284 | D:13     | Noticed a seven-headed hydra
 10293 | D:13     | Noticed a centaur warrior
 10296 | D:13     | Killed a seven-headed hydra
 10403 | D:13     | Killed a centaur warrior
 10703 | D:13     | Noticed Joseph
 10722 | D:13     | Killed Joseph
 10851 | D:14     | Noticed a centaur warrior
 10851 | D:14     | Noticed an eight-headed hydra
 10861 | D:14     | Killed a centaur warrior
 10867 | D:14     | Noticed a boulder beetle
 10934 | D:14     | Found a gate to the Vaults.
 10934 | D:14     | Noticed a vault guard
 11040 | D:14     | Reached skill level 11 in Polearms
 11300 | D:14     | Reached skill level 1 in Throwing
 11395 | D:14     | Got Muolen's Guidebook on the Spellbinding Adder
 11447 | D:14     | Noticed a catoblepas
 11472 | D:14     | Killed a catoblepas
 11543 | D:14     | Killed an eight-headed hydra
 11667 | D:14     | Killed a boulder beetle
 11716 | D:14     | Killed a vault guard
 11775 | D:14     | Reached XP level 13. HP: 72/102 MP: 13/13
 12014 | Lair:1   | Entered Level 1 of the Lair of Beasts
 12063 | Lair:1   | Found a frozen archway.
 12151 | IceCv    | Entered an ice cave
 12207 | IceCv    | Learned a level 4 spell: Manifold Assault
 12265 | IceCv    | HP: 3/103 [ice statue/bolt of cold (14)]
 12271 | IceCv    | HP: 5/103 [ice beast[an ice statue] (4)]
 12744 | IceCv    | Killed from afar by an ice statue

Illustrated notes

Levels and vault maps discovered:
D:1:      elethiomel_arrival_maze, layout_loops_ring,
          shapermc_ecumenical_altar_mp_urbaneastern, serial_bayou,
          serial_bayou_lagoon_a, serial_bayou_lake_a, serial_bayou_pond_a,
          serial_bayou_pond_b
D:2:      layout_rooms, basic_altar, uniq_jessica
D:3:      layout_rooms, minitemple, mainiacjoe_overflow_catch_the_wave,
          serial_shops, shop, st_stairs_1, uniq_terence
D:4:      layout_loops_ring, serial_shops, nicolae_shop_tiny_glass
D:5:      layout_rooms, nemelex_xobeh_ov_fountains_minmay,
          minmay_temple_entry_large_hall, mainiacjoe_ossuary_entry_dusty_tomb,
          minmay_lizard_king, uniq_ijyb, uniq_grinder, uniq_eustachio,
          uniq_pikel
D:6:      layout_cave_pods, minivault_25
D:7:      layout_loops_ring, elyvilon_altar_3, lightli_temple_of_fire,
          mainiacjoe_overflow_surrounded_room, serial_shops, nicolae_shop_trees,
          hangedman_misty_isle
D:8:      layout_loops_corners, old_standard_altar, gammafunk_ghost_hive,
          minmay_tree_intersection, uniq_maggie, uniq_erica
D:9:      layout_basic, hellmonk_lair_entry_icy, serial_shops,
          nicolae_shop_rolling_square, chequers_decorated_corner
D:10:     layout_gridville, mainiacjoe_overflow_catwalk, david_orc_5,
          roderic_serpentine_path, corexii_hall_statues_u, kennysheep_crisscross
D:11:     layout_roguey, gammafunk_ghost_stat_death, uniq_erolcha
D:12:     layout_cave_pods, serial_shops, nicolae_shop_advertising_works
          [nicolae_subvault_shop_adworks], nicolae_shop_stone,
          nicolae_shop_just_a_little_nook, shop, nicolae_shop_real_fake_doors,
          minmay_misc_feat_rugged, kb_lookout_dungeons_type,
          lemuel_nasty_fountain
D:13:     layout_rooms, minmay_sticks_and_stones
D:14:     layout_grid_maze, erik_vaults_1, nicolae_the_louvre
Temple:   nicolae_temple_cloud_nine
Lair:1:   layout_long_grid, gammafunk_ghost_icy, portal_ice_cave_entry_imps,
          serial_bayou_shore_b
IceCv:    ice_cave_statue_garden_chambered

Skill      XL: |  1  2  3  4  5  6  7  8  9 10 11 12 13 |
---------------+----------------------------------------+-----
Axes           | 2 3 |  3.7
Armour         | 3 4 5 6 7 8 |  8.6
Shields        | 3 4 5 6 7 8 |  8.2
Dodging        | 1 2 3 4 5 6 7 |  7.6
Evocations     | 1 2 3 |  3.3
Fighting       | 4 5 6 7 8 9 |  9.8
Unarmed Combat | 1 2 |  2.8
Polearms       | 2 3 6 8 10 11 | 11.7
Stealth        | 1 2 |  2.0
Throwing       | 2 |  2.2
Spellcasting   | |  0.1
Translocations | |  0.2

Action                     |  1- 3 |  4- 6 |  7- 9 | 10-12 | 13-15 || total
---------------------------+-------+-------+-------+-------+-------++-------
  Melee: War axe           |   103 |    60 |       |       |       ||   163
         Hand axe          |       |    34 |       |       |       ||    34
         Unarmed           |       |    52 |       |       |       ||    52
         Spear             |       |    27 |   322 |   947 |   255 ||  1551
         Kick              |       |       |    35 |       |       ||    35
  Throw: Throwing net      |       |     2 |       |       |       ||     2
         Boomerang         |       |       |       |    59 |     3 ||    62
  Evoke: Wand              |       |       |       |       |    36 ||    36
    Use: Scroll            |       |     2 |     4 |    15 |     3 ||    24
         Potion            |       |     2 |       |     2 |     6 ||    10
   Stab: Held in net/web   |       |     1 |       |       |       ||     1
         Sleeping          |       |       |       |     2 |       ||     2
 Armour: Scale mail        |   108 |       |       |       |       ||   108
         Ring mail         |     3 |    86 |   255 |   490 |   135 ||   969
  Dodge: Dodged            |    63 |    84 |   187 |   389 |    90 ||   813
  Block: Buckler           |    23 |    31 |    80 |   186 |    53 ||   373

Table legend: (Time is in decaauts)
 A = Elapsed time spent in this place.
 B = Non-inter-level travel time spent in this place.
 C = Inter-level travel time spent in this place.
 D = Time resting spent in this place.
 E = Time spent auto-exploring this place.
 F = Levels seen in this place.
 G = Mean time per level.
                   A        B        C        D        E       F      G
               +--------+--------+--------+--------+--------+-----+--------+
         Total |  12389 |  11958 |    431 |      0 |   8668 |  18 |  688.3 |
       Dungeon |  11572 |  11141 |    431 |      0 |   8320 |  14 |  826.6 |
        Temple |      1 |      1 |      0 |      0 |      0 |   1 |    1.0 |
          Lair |    103 |    103 |      0 |      0 |      0 |   1 |  103.0 |
       Ossuary |    192 |    192 |      0 |      0 |     89 |   1 |  192.0 |
      Ice Cave |    519 |    519 |      0 |      0 |    259 |   1 |  519.0 |
               +--------+--------+--------+--------+--------+-----+--------+

Top non-repeatable levels by time:
     D:1: 1223 daAuts
    D:12: 1115 daAuts
     D:4: 979 daAuts
     D:8: 972 daAuts
     D:7: 877 daAuts
    D:10: 857 daAuts
     D:6: 849 daAuts
    D:14: 814 daAuts
     D:9: 762 daAuts
    D:11: 756 daAuts
    D:13: 667 daAuts
     D:2: 585 daAuts
     D:3: 573 daAuts
     D:5: 536 daAuts
   IceCv: 519 daAuts
